 Dungeon Crawl Stone Soup version 0.27.0-1-g7a089689b8 (webtiles) character file.

Game seed: 8133644740710646278

98 sasquatch the Chucker (level 5, -1/41 HPs)
             Began as a Formicid Hunter on Aug 10, 2021.
             Slain by a killer bee (4 damage)
             ... on level 3 of the Dungeon.
             The game lasted 00:06:51 (3725 turns).

sasquatch the Chucker (Formicid Hunter)             Turns: 3725, Time: 00:06:52

Health: -1/41      AC:  5    Str: 18    XL:     5   Next: 0%
Magic:  5/5        EV: 11    Int: 10    God:
Gold:   129        SH:  0    Dex: 11    Spells: 4/4 levels left

rFire    + . .     SeeInvis +   b - +0 hunting sling
rCold    . . .     Faith    .   (no shield)
rNeg     . . .     Spirit   .   o - +0 ring mail
rPois    .         Reflect  .   (helmet unavailable)
rElec    .         Harm     .   (no cloak)
rCorr    .         Rampage  .   (no gloves)
Will     .....                  (no boots)
Stlth    +.........             (no amulet)
HPRegen  0.13/turn              p - ring of protection from fire
MPRegen  0.09/turn              (no ring)

@: lethally poisoned (-1 -> -18)
A: permanent stasis, dig shafts and tunnels, antennae 3, four strong arms
a: Dig, Shaft Self


You were on level 3 of the Dungeon.
You visited 1 branch of the dungeon, and saw 4 of its levels.

You collected 129 gold pieces.

Inventory:

Hand Weapons
 a - a +0 mace
 b - a +0 hunting sling (weapon)
 e - a +0 spear
 j - a +0 short sword
Missiles
 c - 4 javelins
 d - 2 throwing nets
 f - 62 stones (quivered ammo)
Armour
 l - a +0 chain mail
 o - a +0 ring mail (worn)
 r - a +0 leather armour
Jewellery
 p - a ring of protection from fire (left hand)
Scrolls
 k - a scroll of blinking
 m - a scroll of identify
 q - a scroll of teleportation {unknown}
Potions
 g - a potion of attraction {unknown}
 h - a potion of degeneration {unknown}
 i - a potion of berserk rage {unknown}
 n - a potion of mutation {unknown}


   Skills:
 - Level 3.0 Fighting
 + Level 2.3 Maces & Flails
 - Level 5.0 Throwing
 - Level 1.7 Dodging
 - Level 1.2 Stealth


You had 4 spell levels left.
You didn't know any spells.
Your spell library was empty.

Dungeon Overview and Level Annotations

Branches:
Dungeon (4/15)
 Temple: D:4-7

Altars:


Innate Abilities, Weirdness & Mutations

You cannot be hasted, slowed, berserked, paralysed or teleported.
You can dig through walls and to a lower floor.
You have a pair of large antennae on your head. (SInv)
Your four strong arms can wield two-handed weapons with a shield.


Message History

You shoot a stone. The stone closely misses the orc.
An orc wizard comes into view. It is wielding a +0 dagger.
The orc wizard shouts!
You hear a shout!
The orc wizard casts a spell.
The orc wizard flickers and vanishes for a moment.
You climb upwards.
There is a stone staircase leading down here.
There is a stone staircase leading down here.
You climb downwards. 4 killer bees come into view.
The killer bee buzzes angrily. x3
The killer bee misses you. The killer bee stings you.
The killer bee closely misses you. The killer bee barely misses you.
The killer bee closely misses you. The killer bee stings you.
You are poisoned.
The killer bee poisons you! The killer bee barely misses you.
The killer bee closely misses you.
Found a stone staircase leading down.
There is a stone staircase leading up here.
You feel sick. The killer bee closely misses you. The killer bee stings you. x2
The killer bee closely misses you. The killer bee misses you.
The killer bee stings you. The killer bee stings you!
* * * LOW HITPOINT WARNING * * *
You are lethally poisoned!
The killer bee poisons you!
The killer bee stings you but does no damage.
You climb upwards.
* * * LOW HITPOINT WARNING * * *
You feel very sick.
There is a stone staircase leading down here.
Okay, then.
As you read the scroll labelled DYASYMUOZXY, it crumbles to dust.
It is a scroll of identify.
k - a scroll of blinking
* * * LOW HITPOINT WARNING * * *
You feel sick. The killer bee barely misses you. The killer bee stings you.
* * * LOW HITPOINT WARNING * * *
You are more poisoned.
The killer bee poisons you! The killer bee stings you.
You die...

...................#........##...
...................##.......##...
...................)##......##...
.....................##.....##...
#####......#..........##.........
#....#.##..........##........
##....#..............#########
###...........y............#
##.......#..##.y@y........###
...#.....#.....y##........##
###..###....##.##..........#
....###.....##.#......>....#
...##....#<###.#...........##
.......##..##...............##
....#.###..##................#
......#.....)................#
.............................#


You could see 4 killer bees.

Vanquished Creatures
  4 adders
  2 worms (D:2)
  2 dart slugs
  2 orcs
  3 bats
  6 endoplasms
  6 goblins
  5 hobgoblins
  5 jackals
  2 kobolds
  2 quokkas (D:1)
  4 ball pythons
  2 frilled lizards (D:2)
  A rat (D:1)
46 creatures vanquished.

Notes
Turn   | Place    | Note
-------+----------+-------------------------------------------
     0 | D:1      | sasquatch the Formicid Hunter began the quest for the Orb.
     0 | D:1      | Reached XP level 1. HP: 16/16 MP: 1/1
   395 | D:1      | Reached XP level 2. HP: 23/23 MP: 2/2
  1109 | D:1      | Reached XP level 3. HP: 5/29 MP: 3/3
  2425 | D:2      | Reached skill level 1 in Maces & Flails
  2425 | D:2      | Reached XP level 4. HP: 23/35 MP: 4/4
  2753 | D:2      | Reached skill level 5 in Throwing
  2825 | D:2      | Found a faded altar of an unknown god.
  3694 | D:4      | Noticed a scorpion
  3697 | D:4      | Reached XP level 5. HP: 41/41 MP: 5/5
  3725 | D:3      | Slain by a killer bee

Illustrated notes

Levels and vault maps discovered:
D:1:      lemuel_arrival_behind_the_door_large, layout_loops_corners,
          minmay_misc_feat_cross, nrook_uturn
D:2:      layout_rooms, chequers_ecumenical_altar_simple_redux,
          kennysheep_generic_room_14
D:3:      layout_rooms, serial_bayou_lagoon_a, kennysheep_cross_room,
          kennysheep_crisscross
D:4:      layout_cave_pods, zin_statuary, nicolae_gozag_seed_capital,
          kennysheep_nub, uniq_edmund

Skill      XL: |  1  2  3  4 |
---------------+-------------+-----
Fighting       | 3 |  3.0
Maces & Flails | 1 2 |  2.3
Throwing       | 5 |  5.0
Dodging        | |  1.7
Stealth        | |  1.2

Action                   |  1- 3 |  4- 6 || total
-------------------------+-------+-------++-------
Melee: Short sword       |    98 |       ||    98
       Mace              |    21 |    41 ||    62
 Fire: Hunting sling     |       |    12 ||    12
Throw: Javelin           |    10 |     5 ||    15
       Stone             |    51 |     8 ||    59
       Throwing net      |       |     1 ||     1
 Abil: Dig               |     1 |       ||     1
  Use: Scroll            |       |     1 ||     1
 Stab: Sleeping          |     1 |       ||     1
       Held in net/web   |       |     1 ||     1
Armor: Leather armour    |    25 |       ||    25
       Ring mail         |       |    22 ||    22
Dodge: Dodged            |    81 |    34 ||   115
